 Dungeon Crawl Stone Soup version 0.30-a0-390-g80c34de65d (webtiles) character file.

Game seed: 9161663686038746365

48 SmokeWeed the Trooper (level 3, 0/33 HPs)
             Began as a Hill Orc Fighter on Dec 5, 2022.
             Killed from afar by a dart slug (4 damage)
             ... with a slug dart
             ... on level 3 of the Dungeon.
             The game lasted 00:03:40 (1010 turns).

SmokeWeed the Trooper (Hill Orc Fighter)            Turns: 1010, Time: 00:03:40

Health: 0/33       AC:  5    Str: 20    XL:     3   Next: 72%
Magic:  3/3        EV: 10    Int:  8    God:
Gold:   116        SH:  4    Dex: 10    Spells: 2/2 levels left

rFire   . . .      SeeInvis .    a - +0 flail
rCold   . . .      Faith    .    c - +0 buckler
rNeg    . . .      Spirit   .    h - +0 ring mail
rPois   .          Reflect  .    (no helmet)
rElec   .          Harm     .    (no cloak)
rCorr   .          Rampage  .    (no gloves)
Will    .....                    (no boots)
Stlth   ..........               (no amulet)
HPRegen 0.25/turn                (no ring)
MPRegen 0.08/turn                (no ring)

@: no status effects
A: no striking features
a: no special abilities


You were on level 3 of the Dungeon.
You visited 1 branch of the dungeon, and saw 3 of its levels.

You collected 116 gold pieces.

Inventory:

Hand Weapons
 a - a +0 flail (weapon)
 f - a +4 short sword of protection
Missiles
 o - 4 poisoned darts (quivered)
Armour
 c - a +0 buckler (worn)
 h - a +0 ring mail (worn)
Magical Staves
 p - a staff of conjuration
Scrolls
 e - 2 scrolls of fog {unknown}
 g - a scroll of blinking {unknown}
 i - a scroll of fear {unknown}
 j - a scroll of noise {unknown}
 l - a scroll of acquirement {unknown}
 m - a scroll of identify {unknown}
Potions
 b - a potion of magic {unknown}
 d - a potion of might
 k - a potion of experience {unknown}
 n - a potion of attraction {unknown}


   Skills:
 + Level 4.1 Fighting
 + Level 3.0 Maces & Flails
 + Level 3.7 Armour
 + Level 0.1 Dodging
 + Level 3.8 Shields


You had 2 spell levels left.
You didn't know any spells.
Your spell library contained the following spells:

 Spells                   Type           Power      Damage    Failure   Level
 Gell's Gravitas          Tloc           0%         N/A       95%         3
 Lesser Beckoning         Tloc           0%         N/A       95%         3
 Teleport Other           Tloc           0%         N/A       95%         3


Dungeon Overview and Level Annotations

Branches:
Dungeon (3/15)

Altars:


Message History

The bat closely misses you. The dart slug launches a dart at you.
You block the slug dart.
You see here 6 gold pieces.
The bat completely misses you. The dart slug launches a dart at you.
The slug dart hits you.
You see here a staff of conjuration.
p - a staff of conjuration The bat closely misses you.
The dart slug launches a dart at you. The slug dart hits you.
The bat hits you but does no damage.
You see here 6 gold pieces.
The bat attacks as you move away! The bat barely misses you.
The bat hits you but does no damage. x2
The dart slug launches a dart at you.
The slug dart hits you but does no damage.
The endoplasm hits you but does no damage.
There is a stone staircase leading up here.
The endoplasm attacks as you move away! The endoplasm hits you.
* * * LOW HITPOINT WARNING * * *
The dart slug launches a dart at you. The slug dart misses you.
You thump the endoplasm!
You kill the endoplasm!
The bat hits you.
* * * LOW HITPOINT WARNING * * *
A quokka comes into view.
The bat closely misses you. The dart slug launches a dart at you.
The slug dart hits you.
* * * LOW HITPOINT WARNING * * *
The dart slug launches a dart at you. The slug dart misses you.
There is a stone staircase leading up, spattered with blood here.
There are no items here.
You block the bat's attack. The dart slug launches a dart at you.
The slug dart hits you.
You die...

.......~≈≈~≈~≈.##
....$~w#≈≈r≈~~≈≈#
#.#~~≈≈≈≈~~~#≈≈##+
#.≈≈≈≈~~~≈≈≈#≈≈..
##w≈≈≈#≈~≈≈≈≈~≈~~#
#≈≈≈~~~#~~~~~.~~≈~
#≈≈≈...~$..~~~?≈~~
♣..$.@.?w.♣
#~≈~.#≈.b.≈~..≈≈#
#≈≈~≈≈~~~~~~≈~#≈≈
####~≈~≈~~≈≈≈≈~≈#
~≈≈≈≈~≈w≈≈≈≈≈.#
#~≈≈≈≈≈~~~≈≈≈~#.
..##≈~~~~≈≈~≈~##
.. #.≈~≈≈≈≈~.##


You could see 4 dart slugs, a quokka and a bat.

Vanquished Creatures
  A gnoll (D:2)
  A worm (D:2)
  2 dart slugs (D:1)
  3 endoplasms
  2 giant cockroaches (D:1)
  4 goblins
  A hobgoblin (D:1)
  3 quokkas
  6 ball pythons
  2 bats
  3 kobolds (D:1)
  2 rats
30 creatures vanquished.

Notes
Turn   | Place    | Note
-------+----------+-------------------------------------------
     0 | D:1      | SmokeWeed the Hill Orc Fighter began the quest for the Orb.
     0 | D:1      | Reached XP level 1. HP: 19/19 MP: 1/1
    60 | D:1      | Reached XP level 2. HP: 24/27 MP: 2/2
   167 | D:1      | Reached skill level 4 in Fighting
   299 | D:1      | Reached XP level 3. HP: 33/33 MP: 3/3
  1010 | D:3      | Killed from afar by a dart slug

Illustrated notes

Levels and vault maps discovered:
D:1:      grunt_arrival_lava_bath, layout_rooms, chequers_arboretum
D:2:      layout_loops_ring, patterned_corridor
D:3:      kennysheep_slugbush, layout_basic, cheibriados_altar_1

Skill      XL: |  1  2  3 |
---------------+----------+-----
Fighting       | 4 |  4.1
Maces & Flails | 3 |  3.0
Armour         | |  3.7
Dodging        | |  0.1
Shields        | |  3.8

Action                   || total
-------------------------++-------
Melee: Flail             ||   104
Throw: Dart              ||     4
       Throwing net      ||     1
Armor: Scale mail        ||    23
       Ring mail         ||    18
Dodge: Dodged            ||    65
Block: Buckler           ||    34

Table legend: (Time is in decaauts)
 A = Elapsed time spent in this place.
 B = Non-inter-level travel time spent in this place.
 C = Inter-level travel time spent in this place.
 D = Time resting spent in this place.
 E = Time spent auto-exploring this place.
 F = Levels seen in this place.
 G = Mean time per level.
                   A        B        C        D        E       F      G
               +--------+--------+--------+--------+--------+-----+--------+
         Total |   1043 |   1017 |     26 |      0 |    716 |   3 |  347.7 |
       Dungeon |   1043 |   1017 |     26 |      0 |    716 |   3 |  347.7 |
               +--------+--------+--------+--------+--------+-----+--------+

Top non-repeatable levels by time:
     D:1: 717 daAuts
     D:2: 315 daAuts
     D:3: 10 daAuts
